 Dungeon Crawl Stone Soup version 0.28.0-1-gb440e238dd (webtiles) character file.

Game seed: 13842465986965181690

1525 Dvoreth the Covered (level 8, 0/70 HPs)
             Began as a Minotaur Fighter on Feb 18, 2022.
             Was a Believer of Dithmenos.
             Succumbed to a kobold brigand's poison
             ... on level 7 of the Dungeon on Feb 24, 2022.
             The game lasted 00:57:13 (6470 turns).

Dvoreth the Covered (Minotaur Fighter)              Turns: 6470, Time: 00:57:14

Health: 0/70       AC: 10    Str: 23    XL:     8   Next: 54%
Magic:  7/7        EV: 10    Int: 15    God:    Dithmenos [**....]
Gold:   286        SH:  4    Dex: 10    Spells: 7/7 levels left

rFire   . . .      SeeInvis .   a - +2 flail (protect)
rCold   . . .      Faith    .   c - +0 buckler
rNeg    . . .      Spirit   .   e - +0 scale mail of the Circus Animal {Will+ Int+4}
rPois   .          Reflect  .   (helmet restricted)
rElec   .          Harm     .   (no cloak)
rCorr   .          Rampage  .   n - +1 pair of gloves {Stlth+}
Will    +....                   (no boots)
Stlth   ++........              (no amulet)
HPRegen 0.21/turn               t - +6 ring of intelligence
MPRegen 0.10/turn               (no ring)

@: lethally poisoned (0 -> -1), wreathed by umbra
A: horns 2, retaliatory headbutt
a: Renounce Religion, Shadow Step


You were on level 7 of the Dungeon.
You worshipped Dithmenos.
Dithmenos was pleased with you.
You visited 2 branches of the dungeon, and saw 8 of its levels.

You collected 458 gold pieces.
You spent 172 gold pieces at shops.

Inventory:

Hand Weapons
 a - a +2 flail of protection (weapon)
 b - a +0 hunting sling of flaming
 k - a +0 hunting sling
 r - a +2 hand axe of flaming
 w - a +1 glaive of freezing
Missiles
 d - 55 arrows
 f - 43 stones (quivered)
 g - 7 sling bullets
 p - 23 poisoned darts
 s - 8 large rocks
Armour
 c - a +0 buckler (worn)
 e - the +0 scale mail of the Circus Animal (worn) {Will+ Int+4}
   (You found it on level 3 of the Dungeon)

   Int:       It affects your intelligence (+4).
   Will:      It increases your willpower.
 h - a +1 pair of gloves
 n - a +1 pair of gloves of stealth (worn)
 o - a +0 leather armour of fire resistance
 v - a +1 robe of resistance
Magical Staves
 l - a staff of earth
 y - a staff of fire
Jewellery
 t - a +6 ring of intelligence (left hand)
Wands
 j - a wand of digging (3)
 m - a wand of iceblast (19)
 u - a wand of paralysis (2)
Scrolls
 i - 3 scrolls of identify
 q - a scroll of teleportation
Potions
 x - a potion of brilliance


   Skills:
 + Level 5.6 Fighting
 + Level 5.9(6.0) Axes
 + Level 0.5(3.7) Maces & Flails
 + Level 5.8(6.0) Slings
 + Level 2.1(4.0) Throwing
 + Level 6.3 Armour
 + Level 2.0 Dodging
 * Level 3.3 Stealth
 + Level 4.2 Shields


You had 7 spell levels left.
You didn't know any spells.
Your spell library contained the following spells:

 Spells                   Type           Power      Damage    Failure   Level
 Magic Dart               Conj           0%         1d3       63%         1
 Summon Small Mammal      Summ           0%         N/A       63%         1
 Ensorcelled Hibernation  Hex/Ice        0%         N/A       77%         2
 Searing Ray              Conj           0%         2d4       77%         2
 Sublimation of Blood     Necr           0%         N/A       77%         2
 Call Canine Familiar     Summ           0%         N/A       94%         3
 Spider Form              Tmut/Pois      0%         N/A       94%         3
 Summon Guardian Golem    Hex/Summ       0%         N/A       94%         3
 Anguish                  Hex/Necr       0%         N/A       100%        4
 Fulminant Prism          Conj/Hex       0%         3d6       100%        4
 Petrify                  Tmut/Erth      0%         N/A       100%        4
 Irradiate                Conj/Tmut      0%         3d13      100%        5


Dungeon Overview and Level Annotations

Branches:
Dungeon (7/15)             Temple (1/1) D:6

Altars:
Ashenzari
Cheibriados
Dithmenos
Elyvilon
Fedhas
Gozag
Hepliaklqana
Kikubaaqudgha
Makhleb
Nemelex Xobeh
Qazlal
Ru
Sif Muna
Trog
Uskayaw
Vehumet
Wu Jian
Yredelemnul
Zin
The Shining One

Shops:
D:4 [

Annotations:
D:7 Harold


Innate Abilities, Weirdness & Mutations

You have a pair of horns on your head.
You reflexively headbutt those who attack you in melee.


Message History

Harold the Weathered comes into view.
He is wielding a +0 long sword.
The wyvern bites you but does no damage.
The kobold barely misses you. You block the kobold's attack.
The kobold hits you but does no damage. The bullfrog barely misses you.
You furiously retaliate!
You headbutt the bullfrog!
You kill the bullfrog!
Dithmenos accepts your kill.
You barely miss the kobold.
Harold shouts!
You headbutt the kobold.
You kill the kobold!
Dithmenos accepts your kill. The wyvern completely misses you.
The kobold hits you but does no damage. The kobold closely misses you.
The kobold brigand throws a poisoned dart.
The poisoned dart hits you!
You are lethally poisoned!
The wyvern misses you.
You hit the wyvern.
Your weapon exudes an aura of protection.
You headbutt the wyvern!
The wyvern is heavily wounded.
Your surroundings suddenly seem different.
* * * LOW HITPOINT WARNING * * *
You feel very sick.
There is a lethal amount of poison in your body!
There is a lethal amount of poison in your body!
* * * LOW HITPOINT WARNING * * *
You feel sick.
* * * LOW HITPOINT WARNING * * *
You feel sick.
* * * LOW HITPOINT WARNING * * *
You feel sick.
Found a stone staircase leading up.
* * * LOW HITPOINT WARNING * * *
You feel sick.
* * * LOW HITPOINT WARNING * * *
You feel sick.
Found a book of Touch.
You die...

l†......
<)K(.... #:
## .K......
#. ..
...#....
##<#.# ####
##. ....##
###.... #.
..... ###.
#..#
....###.@##
#......#
#......#
#......#
#......#
#......#
#......#
########


There were no monsters in sight!

Vanquished Creatures
  The ghost of ciphuk the Stinger, an amateur GnVM (D:3)
  Menkaure (D:4)
  Edmund (D:6)
  An ice beast (D:6)
  2 necrophages
  A black bear (D:6)
  2 ogres
  A phantom (D:4)
  A bullfrog (D:7)
  Blork the orc (D:6)
  A scorpion (D:5)
  A centaur zombie (D:5)
  2 orc priests
  A jelly (D:6)
  2 hounds
  An iguana (D:4)
  6 adders
  A white imp (D:6)
  An ufetubus (D:3)
  2 worms
  A dart slug (D:4)
  10 orcs
  2 ball pythons
  6 bats
  8 endoplasms
  2 giant cockroaches
  7 goblins
  7 hobgoblins
  11 jackals
  9 quokkas
  9 frilled lizards
  12 kobolds
  5 rats
119 creatures vanquished.

Vanquished Creatures (others)
  3 fungi (D:1)
  3 plants (D:1)
6 creatures vanquished.

Grand Total: 125 creatures vanquished

Notes
Turn   | Place    | Note
-------+----------+-------------------------------------------
     0 | D:1      | Dvoreth the Minotaur Fighter began the quest for the Orb.
     0 | D:1      | Reached XP level 1. HP: 19/19 MP: 0/0
   267 | D:1      | Reached XP level 2. HP: 24/27 MP: 1/1
   491 | D:1      | Reached skill level 4 in Armour
   572 | D:1      | Found a faded altar of an unknown god.
   596 | D:1      | Prayed at the altar of an unknown god.
   596 | D:1      | Became a worshipper of Dithmenos the Shadowed
   596 | D:1      | Reached * piety under Dithmenos
   852 | D:2      | Reached XP level 3. HP: 32/33 MP: 2/2
  1026 | D:2      | Reached XP level 4. HP: 40/40 MP: 3/3
  1121 | D:2      | Reached skill level 1 in Throwing
  1741 | D:3      | Reached ** piety under Dithmenos
  1876 | D:3      | Reached XP level 5. HP: 46/46 MP: 4/4
  1919 | D:3      | Reached skill level 1 in Slings
  2034 | D:3      | Identified the +0 scale mail of the Circus Animal {Will+
                  | Int+4}
  2248 | D:3      | Found a runed translucent door.
  2253 | D:3      | Noticed ciphuk's ghost (amateur GnVM)
  2463 | D:3      | Killed ciphuk's ghost
  2464 | D:3      | Reached XP level 6. HP: 46/53 MP: 5/5
  2996 | D:4      | Found Zuotysiy's Antique Armour Boutique.
  2999 | D:4      | Bought a pair of glowing gloves for 172 gold pieces
  3076 | D:4      | Upgraded the game from 0.28.0 to 0.28.0-1-gb440e238dd
  3266 | D:4      | Reached skill level 1 in Stealth
  3486 | D:4      | Reached skill level 5 in Axes
  3491 | D:4      | Noticed Menkaure
  3999 | D:4      | Killed Menkaure
  4000 | D:4      | Reached skill level 5 in Armour
  4000 | D:4      | Reached skill level 1 in Dodging
  4000 | D:4      | Reached XP level 7. HP: 41/60 MP: 6/6
  4115 | D:5      | Entered Level 5 of the Dungeon
  4778 | D:5      | Reached skill level 5 in Fighting
  5238 | D:6      | Noticed Edmund
  5255 | D:6      | Killed Edmund
  5256 | D:6      | Reached skill level 5 in Slings
  5256 | D:6      | Reached XP level 8. HP: 44/68 MP: 7/7
  5457 | D:6      | Found a staircase to the Ecumenical Temple.
  5463 | D:6      | Reached *** piety under Dithmenos
  5493 | Temple   | Entered the Ecumenical Temple
  5661 | D:6      | Noticed Blork the orc
  5676 | D:6      | Killed Blork the orc
  5677 | D:6      | Reached skill level 6 in Armour
  6462 | D:7      | Noticed Harold
  6466 | D:7      | HP: 3/70 [poisoned by a kobold brigand]
  6469 | D:7      | HP: 1/70 [poisoned by a kobold brigand]
  6470 | D:7      | Succumbed to a kobold brigand's poison

Illustrated notes

Levels and vault maps discovered:
D:1:      dpeg_arrival_three_same_balls, layout_basic,
          shapermc_ecumenical_altar_mp_ritualfount
D:2:      layout_basic, chequers_serial_rivers_micro_e,
          minmay_misc_feat_ornament, minmay_pentomino_pile
D:3:      minmay_angry_zag, layout_basic, ebering_ghost_sewer_d, hex_tiny
D:4:      layout_loops_cross, serial_shops, shop, uniq_menkaure
D:5:      layout_loops_cross, hangedman_decor_push, minmay_misc_feat_alley,
          corexii_checkpoint_a
D:6:      layout_basic, minmay_temple_entry_statues_pillars, uniq_blork_the_orc,
          uniq_edmund
D:7:      layout_rooms, enter_ossuary_4, uniq_maggie, uniq_harold, uniq_duvessa
Temple:   regret_index_temple_sigil_plot

Skill      XL: |  1  2  3  4  5  6  7  8 |
---------------+-------------------------+-----
Fighting       | 4 5 |  5.6
Armour         | 4 5 6 |  6.3
Axes           | 3 4 5 |  5.9
Throwing       | 1 2 |  2.1
Shields        | 4 |  4.2
Slings         | 3 4 5 |  5.8
Stealth        | 1 2 3 |  3.3
Dodging        | 1 2 |  2.0
Maces & Flails | |  0.5

Action                   |  1- 3 |  4- 6 |  7- 9 || total
-------------------------+-------+-------+-------++-------
Melee: War axe           |    23 |       |       ||    23
       Headbutt          |     5 |     7 |    20 ||    32
       Hand axe          |    54 |    89 |    42 ||   185
       Flail             |       |       |    22 ||    22
       Staff             |       |       |     2 ||     2
 Fire: Hunting sling     |       |    79 |    59 ||   138
Throw: Stone             |    66 |    17 |     6 ||    89
  Use: Scroll            |     4 |     5 |     2 ||    11
       Potion            |     2 |     3 |       ||     5
Armor: Scale mail        |    20 |    29 |    34 ||    83
Dodge: Dodged            |    32 |    49 |    38 ||   119
Block: Buckler           |    10 |    14 |    18 ||    42
